Unix NetHack Version 5.0.0-0 post-release - last build May 17 2026 04:57:42 (dc50c8380fa5e20985bfe3072449f57b8d9895ef,branch:main).

Game began 2026-05-19 23:50:31, ended 2026-05-20 00:44:51.

ArrBianca, lawful female human Monk

                                                ----
              -----                           ---..--
          .. .....--                          |.....|
         ...0......--                         |.....--
         ..<.....)..--                        --.....| ----
        ........|...).                         |.(...---..--
        ..*)(!.---.---                         |.......1...|
        --.....| |...--                       --....------.|
         |..).-- ---(.--                      |.....|    |.|
         -..|.|   |.....   ---           |.| --.--..-    |.|
         ..----  --...|   ...|           |.---..|--..    |)|
          -      |....----...----- ----- |.....-- |..    |.|
                 --.....|....(...--.|..#-##--..|         |.|
                  |...................(..#  |..|         |.|
                  -......................#  |..|         |.----
                  ......|...............#-               |.@MG.
                   ....---.|.   .......--                |..---
                                 -------                 ----

ArrBianca the Initiate          St:17 Dx:13 Co:16 In:9 Wi:14 Ch:7  Lawful
Dlvl:8  $:187 HP:0(64) Pw:35(35) AC:4  Xp:8 T:4400  Hungry   Stressed

Latest messages:
 Komo drops a looking glass.
 You see here a violet gem.
 Komo drops a looking glass.
 Double m prefix, canceled.
 Komo drops a looking glass.
 Komo picks up a looking glass.
 Komo drops a looking glass.
 Komo picks up a looking glass.
 You hit the ape!
 The ape hits!
 The ape misses!
 The ape bites!
 Komo drops a looking glass.
 Komo misses the ape.
 The ape hits!
 The ape just misses!
 The ape bites!
 Komo misses the ape.
 You hit the ape!
 You kill the ape!
 Komo eats an ape corpse.
 You see here a looking glass.
 You see here a crude bow.
 A bear trap closes on your foot!
 You rebalance your load.  Movement is difficult.
 You are caught in a bear trap.
 You are caught in a bear trap.
 You are caught in a bear trap.
 You are caught in a bear trap.
 The human mummy hits!
 The human mummy hits again!
 The dart misses the human mummy.
 A dart misses you.
 The dart hits the human mummy.
 You miss the human mummy.
 The human mummy just misses!
 The human mummy hits!
 The gnome lord throws a dart!
 The dart hits the human mummy.
 You hit the human mummy!
 You hit the human mummy!
 The human mummy hits!
 The human mummy hits again!
 The gnome lord throws a dart!
 The dart misses the human mummy.
 A dart misses you.
 You are beginning to feel hungry.
 The human mummy hits!
 You die...
 Do you want your possessions identified? [ynq] (y) q

Inventory:
 Coins    ('$')
  $ - 187 gold pieces
 Weapons  (')')
  S - a cursed +0 arrow
  p - the cursed +2 Grayswandir
 Armor    ('[')
  n - a cursed +0 orcish helm
  a - an uncursed rotted +2 pair of leather gloves (being worn)
  b - an uncursed +2 robe (being worn)
 Comestibles  ('%')
  m - a cursed carrot
  k - a cursed partly eaten food ration
  q - 2 cursed food rations
  j - a cursed rotten tin of hill orc meat
  V - a cursed rotten tin of iguana meat
 Scrolls  ('?')
  o - a cursed scroll of confuse monster
  h - a cursed scroll of earth
  g - 2 cursed scrolls of enchant armor
  x - 2 cursed scrolls of enchant weapon
  f - a cursed scroll of fire
  R - a cursed scroll of genocide
  L - 3 cursed scrolls of identify
  K - an uncursed scroll of light
  i - 2 cursed scrolls of light
  e - 2 cursed scrolls of magic mapping
  u - 2 cursed scrolls of punishment
 Spellbooks  ('+')
  s - a cursed spellbook of force bolt
 Potions  ('!')
  d - a cursed potion of blindness
  l - a cursed potion of confusion
  F - an uncursed potion of full healing
  N - a cursed potion of full healing
  w - a cursed potion of gain ability
  z - a cursed potion of healing
  c - a cursed potion of speed
  v - 2 potions of holy water
 Rings    ('=')
  X - a cursed ring of fire resistance
  Z - a cursed -1 ring of gain strength
  I - a cursed ring of polymorph
  M - an uncursed ring of shock resistance
  E - a cursed ring of shock resistance
  Y - a cursed ring of sustain ability
 Wands    ('/')
  P - a blessed wand of cold (0:6)
  W - a cursed wand of cold (0:6)
  Q - a cursed wand of make invisible (0:6)
  O - a cursed wand of polymorph (0:3)
  U - a cursed wand of probing (0:6)
  T - a cursed wand of striking (0:6)
 Tools    ('(')
  B - an uncursed sack named cursed shit containing 36 items
  r - a cursed magic flute (0:7)
  G - an uncursed brass lantern (lit)
  y - a cursed brass lantern
  D - a cursed brass lantern
  H - a cursed expensive camera (0:81)
  A - a cursed magic whistle
  J - a cursed oil lamp
  t - an uncursed skeleton key
  C - a cursed skeleton key

Contents of the sack named cursed shit:
  a +0 knife
  an uncursed +0 dwarvish cloak
  an uncursed +0 mummy wrapping
  an uncursed partly eaten apple
  an uncursed cream pie
  an uncursed food ration
  4 uncursed fortune cookies
  4 uncursed oranges
  an uncursed tin of green mold
  an uncursed egg
  3 uncursed lichen corpses
  an uncursed lizard corpse
  an uncursed scroll of blank paper
  an uncursed scroll of create monster
  an uncursed scroll of earth
  a blessed scroll of food detection
  2 blessed scrolls of teleportation
  an uncursed spellbook of knock
  a blessed spellbook of healing
  a blessed potion of oil
  an uncursed potion of sleeping
  an uncursed potion of fruit juice
  an uncursed potion of monster detection
  an uncursed potion of object detection
  an uncursed potion of hallucination
  a blessed potion of confusion
  an uncursed potion of gain ability
  2 blessed potions of healing
  4 uncursed potions of healing
  an uncursed ring of shock resistance
  a wand of teleportation (0:5)
  a wand of cancellation (0:6)
  an uncursed tin whistle
  a can of grease (0:11)
  an uncursed oil lamp
  an uncursed skeleton key

ArrBianca the Monk's attributes:

Background:
 You were an Initiate, a level 8 female human Monk.
 You were lawful, on a mission for Shan Lai Ching
 who was opposed by Chih Sung-tzu (neutral) and Huan Ti (chaotic).
 You were right-handed.
 You were in the Gnomish Mines, on level 8.
 You entered the dungeon 4400 turns ago.
 It was the midnight hour.
 There was a new moon in effect when your adventure ended.
 You had 1565 experience points, 995 more were needed to attain level 9.

Basics:
 You had 0 out of 64 hit points.
 You had all 35 energy points (spell power).
 Your armor class was 4.
 Your wallet contained 187 zorkmids.
 Autopickup was on for '$?!/="+%' plus thrown, with exceptions.

Final Characteristics:
 Your strength was 17 (limit:18/100).
 Your dexterity was 13 (base:14, limit:18).
 Your constitution was 16 (limit:18).
 Your intelligence was 9 (limit:18).
 Your wisdom was 14 (limit:18).
 Your charisma was 7 (limit:18).

Final Status:
 You were trapped in a bear trap.
 You had a wounded left leg.
 You were hungry.
 You were stressed; movement was moderately slowed.
 You were empty handed.
 You had expert skill with martial arts.

Final Attributes:
 You were piously aligned.
 You were sleep resistant.
 You were poison resistant.
 You saw invisible.
 You were warned.
 You were stealthy.
 You were guarded.
 Your spell casting was enhanced by wearing a robe.
 You were fast.
 You are dead.

Miscellaneous:
 You encountered 2 bones levels.
 Total elapsed playing time was 54 minutes and 20 seconds.

Major events:
 Turn
    1: ArrBianca the lawful female human Monk entered the dungeon
   42: attained the rank of Novice (level 3)
 1183: found Grayswandir on the floor
 1545: attained the rank of Initiate (level 6)
 2312: read a Discworld novel
 2783: entered the Gnomish Mines
 3462: reached Mine Town
 3607: declined to perform genocide
 4400: killed by a human mummy

Spells:
 Name                 Level Category     Fail Retention
 healing                1   healing        0%   71%-80%

Skills:
 Fighting Skills
   martial arts       [Expert]
 Weapon Skills
   quarterstaff       [Unskilled]
   spear              [Unskilled]
   crossbow           [Unskilled]
   shuriken           [Unskilled]
 Spellcasting Skills
   attack spells      [Unskilled]
   healing spells     [Basic]
   divination spells  [Unskilled]
   enchantment spells [Unskilled]
   clerical spells    [Unskilled]
   escape spells      [Unskilled]
   matter spells      [Unskilled]

Voluntary challenges:
 Character rerolling was not enabled.
 You were vegetarian.
 You never hit with a wielded weapon.
 You never genocided any monsters.
 You never polymorphed an object.
 You never changed form.
 You used no wishes.
Achievements:
 You attained the rank of Novice.
 You entered a shop.
 You attained the rank of Initiate.
 You read from a Discworld novel.
 You entered the Gnomish Mines.
 You entered Minetown.
 You entered a temple.

 The Dungeons of Doom: levels 1 to 8
    Level 1:
       Many fountains.
    Level 2:
       A fountain, a sink.
       Stairs down to The Gnomish Mines.
    Level 3:
       A general store, a sink.
    Level 4:
       A scroll shop, a fountain.
    Level 5:
       A fountain.
    Level 6:
       A grave.
       Final resting place for
          Nestorix-Arc-Hum-Fem-Law, killed by a gray unicorn,
          bubber-Wiz-Elf-Mal-Cha, killed by a fire ant.
    Level 7:
       Many fountains.
    Level 8:
       A sink.
 The Gnomish Mines: levels 3 to 8
    Level 3:
    Level 4:
    Level 5:
       Some graves.
       Final resting place for
          ArrBianca-Mon-Hum-Fem-Law, killed by a kobold lady,
          spody-Wiz-Gno-Mal-Neu, killed by a raven, while frozen by a potion.
    Level 6:
       Many shops, a temple and an altar to Shan Lai Ching, some fountains, a sink.
    Level 7:
    Level 8: <- You were here.
       Final resting place for
          you, killed by a human mummy.


Vanquished creatures:
  2 ghosts
  a small mimic
  a large dog
  a leather golem
 an iron piercer
  2 gnome rulers
 an orc mummy
  4 brown puddings
  2 lizards
  a dingo
  2 dogs
  a housecat
  a raven
  a gnome mummy
  2 apes
  4 human zombies
  2 rock moles
  a pony
  7 gnome leaders
  3 gnomish wizards
  2 little dogs
  a floating eye
  a kitten
  3 dwarves
  a kobold leader
  6 rothes
  a rabid rat
  a giant bat
  5 monkeys
  2 wererats
  5 iguanas
  3 killer bees
  3 acid blobs
  4 coyotes
  a gas spore
  2 hobbits
  2 manes
  a hobgoblin
  4 giant rats
  2 cave spiders
  a brown mold
 37 gnomes
  7 garter snakes
  3 geckos
  6 jackals
  a fox
  4 kobolds
  3 goblins
  6 grid bugs
  2 bats
  5 lichens
  a kobold zombie
  3 newts
169 creatures vanquished.

No species were genocided or became extinct.

Game over:
                       ----------
                      /          \
                     /    REST    \
                    /      IN      \
                   /     PEACE      \
                  /                  \
                  |    ArrBianca     |
                  |      187 Au      |
                  |   killed by a    |
                  |   human mummy    |
                  |                  |
                  |                  |
                  |       2026       |
                 *|     *  *  *      | *
        _________)/\\_//(\/(/\)/\//\/|_)_______

Goodbye ArrBianca the Monk...

You died in The Gnomish Mines on dungeon level 8 with 6809 points,
and 187 pieces of gold, after 4400 moves.
You were level 8 with a maximum of 64 hit points when you died.

